 Dungeon Crawl Stone Soup version 0.31-a0-1576-ga3383bade6 (webtiles) character file.

Game seed: 4546203529912527036

851 Flugslaktarn the Toxicologist (level 8, -5/69 HPs)
             Began as an Octopode Alchemist on Jan 4, 2024.
             Was a Believer of Okawaru.
             Slain by Prince Ribbit (12 damage)
             ... on level 5 of the Dungeon.
             The game lasted 00:07:01 (2153 turns).

Flugslaktarn the Toxicologist (Octopode Alchemist)  Turns: 2153, Time: 00:07:01

Health: -5/69      AC:  3    Str:  7    XL:     8   Next: 1%
Magic:  7/15       EV: 13    Int: 19    God:    Okawaru [**....]
Gold:   383        SH:  0    Dex: 13    Spells: 8/17 levels left

rFire   . . .        j - +2 mace (protect)
rCold   . . .        (no shield)
rNeg    . . .        h - +2 hat
rPois   .            A - amulet of the acrobat
rElec   .            (no ring)
rCorr   .            (no ring)
SInv    .            (no ring)
Will    .....        (no ring) Stlth
                     (no ring)
HPRegen 0.31/turn    (no ring)
MPRegen 0.14/turn    (no ring)
                     (no ring)

%: acrobat
@: berserking, radiating poison, very quick
A: almost no armour, amphibious, 8 rings, camouflage 1, gelatinous body 1,
(nimble swimmer 1), tentacles
a: Renounce Religion, Heroism


You were on level 5 of the Dungeon.
You worshipped Okawaru.
Okawaru was pleased with you.
You visited 1 branch of the dungeon, and saw 5 of its levels.
You also visited: Sewer.

You collected 383 gold pieces.

Inventory:

Hand Weapons
 b - a +0 dagger of venom
   (You took it off a goblin on level 1 of the Dungeon)
 j - a +2 mace of protection (weapon)
   (You found it on level 2 of the Dungeon)
 l - a +1 dagger of draining
   (You took it off Ijyb on level 3 of the Dungeon)
Armour
 h - a +2 hat (worn)
   (You found it on level 1 of the Dungeon)
 v - a +0 kite shield
   (You found it on level 4 of the Dungeon)
Jewellery
 A - an amulet of the acrobat (around mantle)
   (You found it on level 5 of the Dungeon)
Talismans
 t - a beast talisman
   (You found it on level 3 of the Dungeon)
Wands
 e - a wand of paralysis (8)
   (You took it off Ijyb on level 3 of the Dungeon)
 x - a wand of mindburst (7)
   (You found it on level 5 of the Dungeon)
Scrolls
 f - a scroll of fog
 i - 2 scrolls of revelation
 m - a scroll of brand weapon
 r - a scroll of immolation {unknown}
 u - a scroll of teleportation {unknown}
 w - a scroll of poison
 y - a scroll of fear {unknown}
 z - a scroll of noise {unknown}
Potions
 a - 2 potions of magic
 c - 3 potions of might {unknown}
 d - a potion of berserk rage
 g - a potion of ambrosia
 k - 4 potions of brilliance
 n - a potion of resistance
 o - a potion of haste {unknown}
 p - a potion of experience {unknown}
 q - a potion of curing
 s - a potion of heal wounds {unknown}


   Skills:
 - Level 2.0 Dodging
 - Level 2.6 Stealth
 + Level 5.0 Spellcasting
 - Level 1.0 Conjurations
 * Level 8.5 Alchemy


You had 8 spell levels left.
You knew the following spells:

 Your Spells              Type           Power      Damage    Failure   Level
a - Sting                 Conj/Alch      88%        1d8       1%          1
b - Olgreb's Toxic Radia  Alch           37%        N/A       3%          4
c - Sticky Flame          Fire/Alch      20%        2d6       22%         4

Your spell library contained the following spells:

 Spells                   Type           Power      Damage    Failure   Level
 Mercury Vapours          Alch/Air       40%        N/A       3%          2
 Mephitic Cloud           Conj/Alch/Air  16%        N/A       10%         3
 Apportation              Tloc           8%         N/A       12%         1
 Necrotise                Necr           16%        1d4       12%         1
 Sublimation of Blood     Necr           4%         N/A       19%         2
 Petrify                  Alch/Erth      20%        N/A       22%         4
 Irradiate                Conj/Alch      11%        3d15      43%         5
 Conjure Ball Lightning   Conj/Air       3%         3x3d6     100%        6
 Discord                  Hex            2%         N/A       100%        8
 Disjunction              Tloc           2%         N/A       100%        8
 Summon Small Mammal      Summ           Unusable   N/A       N/A         1

Dungeon Overview and Level Annotations

Branches:
Dungeon (5/15)             Temple (0/1) D:5           Sewer (visited)

Altars:
Hepliaklqana
Okawaru
The Shining One

Shops:
D:1 ?   D:5 *

Annotations:
D:5 Prince Ribbit


Innate Abilities, Weirdness & Mutations

You cannot wear most types of armour.
You are amphibious.
You can wear up to eight rings at the same time.
Your skin changes colour to match your surroundings (Stealth+).
Your rubbery body absorbs attacks. (AC +1, EV +1)
((You are camouflaged when in or above water. (Stealth+)))
You have tentacles for arms and can constrict up to eight enemies at once.


Message History

An orc comes into view. It is wielding a +0 hand axe.
The hound attacks as it pursues you! The hound closely misses you.
The hound completely misses you.
You hit the hound.
Your weapon exudes an aura of protection.
Your grab misses the hound.
The hound is severely wounded.
The hound barely misses you. x2
You barely miss the hound. You grab the hound.
The hound is severely wounded.
You constrict the hound, but do no damage.
The hound barely misses you. x2
You release your grip on the hound.
You hit the hound.
You kill the hound!
Okawaru accepts your kill.
Your Spellcasting skill increases to level 5!
You have reached level 8!
Casting: Sting (safe; 1% risk of failure)
Confirm with . or Enter, or press ? or * to list all spells.
Aiming: Sting (safe; 1% risk of failure)
Press: ? - help, Shift-Dir - straight line, f - orc
Aim: an orc, wielding a +0 hand axe and wearing a +0 leather armour (76% to hit)
The sting hits the orc.
The orc is poisoned.
The orc is lightly wounded.
Casting: Sting (safe; 1% risk of failure)
Confirm with . or Enter, or press ? or * to list all spells.
Aiming: Sting (safe; 1% risk of failure)
Press: ? - help, Shift-Dir - straight line, f/p - orc
Aim: an orc, wielding a +0 hand axe and wearing a +0 leather armour (lightly wounded, poisoned, 76% to hit)
The sting hits the orc but does no damage.
The orc looks even sicker.
The orc is lightly wounded.
The orc attacks as it pursues you! The orc barely misses you.
You see here 19 gold pieces.
You sock the orc!
Your weapon exudes an aura of protection.
You kill the orc!
Okawaru accepts your kill.
No target in view!
Things that are here:
a +0 hand axe; a +0 leather armour; an orc corpse You now have 272 gold pieces (gained 19).
You now have 281 gold pieces (gained 9).
You now have 299 gold pieces (gained 18).
You now have 311 gold pieces (gained 12).
You now have 323 gold pieces (gained 12).
You now have 332 gold pieces (gained 9).
You now have 352 gold pieces (gained 20).
You now have 365 gold pieces (gained 13).
You now have 376 gold pieces (gained 11).
Things that are here:
a +0 hand axe; a +0 leather armour; an orc corpse You now have 383 gold pieces (gained 7).
An orc comes into view. It is wielding a +0 dagger.
The orc completely misses something.
An orc is nearby!
Unknown command.
Found a book of Blood.
The orc hits the bush but does no damage.
The orc hits the bush with a +0 dagger.
The orc hits the bush but does no damage.
The orc hits the bush but does no damage.
The orc hits the bush with a +0 dagger.
Found 6 poisoned darts.
The orc hits the bush but does no damage.
A white imp comes into view.
Prince Ribbit comes into view.
Prince Ribbit moves out of view.
You see here a book of Blood.
A hound comes into view.
Prince Ribbit croaks.
Casting: Sting (safe; 1% risk of failure)
Confirm with . or Enter, or press ? or * to list all spells.
You begin to radiate toxic energy.
Prince Ribbit is poisoned.
The hound barks!
The hound is poisoned.
The white imp shouts!
Prince Ribbit looks even sicker.
You hear a shout!
The white imp laughs crazily.
Casting: Olgreb's Toxic Radiance (dangerous; 3% risk of failure)
Confirm with . or Enter, or press ? or * to list all spells.
Your toxic radiance grows in intensity.
Prince Ribbit looks even sicker.
The orc is poisoned.
The orc looks even sicker.
Prince Ribbit hits you!
You completely miss Prince Ribbit. You grab Prince Ribbit.
Prince Ribbit is moderately wounded.
Prince Ribbit looks as sick as possible!
The orc looks even sicker.
The hound looks even sicker.
You constrict Prince Ribbit. Prince Ribbit hits you! The hound misses you.
Prince Ribbit hits you!
* * * LOW HITPOINT WARNING * * *
Okay, then.
A red film seems to cover your vision as you go berserk!
You feel yourself moving faster!
You feel mighty!
Prince Ribbit looks as sick as possible!
You kill the orc!
Okawaru accepts your kill.
You constrict Prince Ribbit. The hound closely misses you.
Prince Ribbit hits you!
You die... #PPP.PPP

.P.P...... ## .......P
..P........ ...
P.PPP.PPP.P.P......
....#P...P.P.....P......
....#PPP)PPPPPPPPP.....>
...............#........
.........:.....#........
......5.................
......F@................
......h.................
....(...................
........................
....##########....######
.... #....# # ... #....#
# ## ##...# # ##### #


You could see Prince Ribbit (extremely poisoned), a hound (very poisoned) and a
white imp.

Vanquished Creatures
  Sigmund (D:2)
  An ice beast (D:5)
  A centaur (D:5)
  Blork the orc (D:4)
  2 scorpions (D:5)
  A howler monkey (D:3)
  A hound (D:5)
  A jelly (D:5)
  Ijyb (D:3)
  An iguana (D:5)
  A hell rat (Sewer)
  6 adders
  3 river rats (Sewer)
  3 dart slugs
  2 ribbon worms (D:2)
  3 orcs
  8 ball pythons
  7 bats
  5 endoplasms
  5 giant cockroaches
  3 goblins
  7 hobgoblins
  5 jackals
  3 quokkas
  A frilled lizard (D:2)
  8 kobolds
  15 rats
96 creatures vanquished.

Notes
Turn   | Place    | Note
-------+----------+-------------------------------------------
     0 | D:1      | Flugslaktarn the Octopode Alchemist began the quest for the
                  | Orb.
     0 | D:1      | Reached XP level 1. HP: 11/11 MP: 3/3
    50 | D:1      | Found The Oracle's Delphic Readings.
    59 | D:1      | Reached XP level 2. HP: 17/17 MP: 0/5
   196 | D:1      | Reached skill level 4 in Alchemy
   308 | D:1      | Reached XP level 3. HP: 18/21 MP: 6/6
   350 | D:2      | Noticed Sigmund
   570 | D:2      | Reached XP level 4. HP: 11/27 MP: 6/8
   832 | D:3      | Found a faded altar of an unknown god.
   842 | D:3      | Prayed at the altar of an unknown god.
   842 | D:3      | Became a worshipper of Warmaster Okawaru
   842 | D:3      | Reached * piety under Okawaru
   895 | D:3      | Reached skill level 5 in Alchemy
   913 | D:3      | Reached XP level 5. HP: 22/31 MP: 9/9
   954 | D:3      | Noticed Ijyb
   955 | D:3      | Paralysed by Ijyb for 2 turns
   961 | D:3      | Paralysed by Ijyb for 2 turns
   965 | D:3      | Killed Ijyb
   980 | D:3      | Learned a level 4 spell: Olgreb's Toxic Radiance
   985 | D:3      | Learned a level 4 spell: Sticky Flame
  1007 | D:3      | Found a glowing golden altar of the Shining One.
  1029 | D:3      | Found a glowing drain.
  1062 | Sewer    | Entered a sewer
  1090 | Sewer    | Reached skill level 6 in Alchemy
  1216 | Sewer    | Reached XP level 6. HP: 28/36 MP: 8/11
  1483 | D:2      | Killed Sigmund
  1483 | D:2      | Reached ** piety under Okawaru
  1663 | D:4      | Noticed Blork the orc
  1680 | D:4      | Killed Blork the orc
  1681 | D:4      | Reached skill level 7 in Alchemy
  1681 | D:4      | Reached XP level 7. HP: 29/41 MP: 3/13
  1697 | D:4      | Found a hazy altar of Hepliaklqana.
  1744 | D:5      | Entered Level 5 of the Dungeon
  1775 | D:5      | Found a staircase to the Ecumenical Temple.
  1941 | D:5      | Reached skill level 8 in Alchemy
  2077 | D:5      | Found Ivakh's Elemental Accessories.
  2104 | D:5      | Reached skill level 5 in Spellcasting
  2104 | D:5      | Reached XP level 8. HP: 46/46 MP: 13/15
  2146 | D:5      | Noticed Prince Ribbit
  2153 | D:5      | Slain by Prince Ribbit

Illustrated notes

Levels and vault maps discovered:
D:1:      amcnicky_arrival_gap_in_the_tavern_cellar, layout_basic,
          nicolae_nh_oracle_at_delphi
D:2:      layout_rooms, uniq_sigmund
D:3:      layout_basic, mainiacjoe_overflow_paths, nicolae_ashenzari_skybound,
          dreamdust_ecumenical_altar_angels_and_demons,
          mainiacjoe_sewer_entry_somewhere_in_here_1, uniq_ijyb
D:4:      layout_gridville, nicolae_hepliaklqana_hazy_memory,
          mainiacjoe_overflow_concentric_impassable, corexii_shack,
          uniq_eustachio, uniq_duvessa, uniq_blork_the_orc
D:5:      layout_basic, marbit_many_paths, minmay_temple_entry_offerings,
          serial_shops, nicolae_shop_waterfront, minmay_hedge_maze,
          nicolae_elemental_shop, minmay_gold_behind_fungi,
          eino_small_chamber_without_monster, uniq_crazy_yiuf_cottage,
          uniq_prince_ribbit1

Skill      XL: |  1  2  3  4  5  6  7 |
---------------+----------------------+-----
Alchemy        | 4 5 6 7 8 |  8.5
Spellcasting   | 3 4 5 |  5.0
Dodging        | |  2.0
Stealth        | |  2.6
Conjurations   | |  1.0

Action                     |  1- 3 |  4- 6 |  7- 9 || total
---------------------------+-------+-------+-------++-------
  Melee: Dagger            |    45 |       |       ||    45
         Unarmed           |     2 |       |       ||     2
         Constrict         |    24 |    20 |     3 ||    47
         Tentacles         |    10 |    10 |     3 ||    23
         Mace              |    14 |    77 |    22 ||   113
         Punch             |       |     2 |       ||     2
   Cast: Sting             |    24 |    40 |    16 ||    80
         Olgreb's Toxic Ra |       |     4 |     5 ||     9
    Use: Scroll            |       |     5 |     3 ||     8
         Potion            |       |     1 |     1 ||     2
   Stab: Sleeping          |       |       |     1 ||     1
 Armour: Skin              |    44 |    61 |    27 ||   132
  Dodge: Dodged            |    68 |    79 |    25 ||   172

Table legend: (Time is in decaauts)
 A = Elapsed time spent in this place.
 B = Non-inter-level travel time spent in this place.
 C = Inter-level travel time spent in this place.
 D = Time resting spent in this place.
 E = Time spent auto-exploring this place.
 F = Levels seen in this place.
 G = Mean time per level.
                   A        B        C        D        E       F      G
               +--------+--------+--------+--------+--------+-----+--------+
         Total |   2198 |   2064 |    134 |     96 |    605 |   6 |  366.3 |
       Dungeon |   2012 |   1878 |    134 |     22 |    591 |   5 |  402.4 |
         Sewer |    185 |    185 |      0 |     74 |     14 |   1 |  185.0 |
               +--------+--------+--------+--------+--------+-----+--------+

Top non-repeatable levels by time:
     D:1: 587 daAuts
     D:3: 477 daAuts
     D:5: 417 daAuts
     D:2: 369 daAuts
   Sewer: 185 daAuts
     D:4: 161 daAuts
